 Dungeon Crawl Stone Soup version 0.28-a0-1184-g53156a8862 (console) character file.

Game seed: 10647894185505031628

96131 jejorda2 the Bludgeoner (level 15, -2/133 (134) HPs)
             Began as a Purple Draconian Berserker on Dec 18, 2021.
             Was a High Priest of Trog.
             Slain by a balrug (8 damage)
             ... summoned by Asterion
             ... on level 2 of the Spider Nest.
             The game lasted 01:06:27 (26288 turns).

jejorda2 the Bludgeoner (DrBe)                     Turns: 26288, Time: 01:06:27

HP:   -2/133 (134)  AC: 22    Str: 21    XL:     15   Next: 68%
MP:   15/15         EV: 18    Int: 15    God:    Trog [*****.]
Gold: 1945          SH: 11    Dex: 16    Spells: 14/14 levels left

rFire   + + .      SeeInvis +   a - +4 eveningstar (vamp)
rCold   + + +      Faith    .   U - +0 buckler of Tenacity {rF+ Slay+5}
rNeg    . . .      Spirit   .   (armour unavailable)
rPois   +          Reflect  +   m - +2 hat
rElec   +          Harm     .   C - +2 cloak
rCorr   +          Rampage  .   d - +2 pair of gloves
Will    +++..                   r - +0 pair of boots of Fedhas's Whim {rPois Will+}
Stlth   +++.......              S - amulet "Fuseud" {Reflect rF+ rCorr Int+7 SH+5}
HPRegen 0.32/turn               l - ring of see invisible
MPRegen 0.14/turn               T - ring "Buduin" {*Corrode rElec rC+++ AC+4 Slay+6}

@: lethally poisoned (-2 -> -5), on berserk cooldown, slowed, studying Polearms,
lightly drained, very slow
A: breathe power, AC +9, unfitting armour, cold-blooded
a: Breathe Dispelling Energy, Renounce Religion, Berserk, Trog's Hand, Brothers
in Arms


You were on level 2 of the Spider Nest.
You worshipped Trog.
Trog was extremely pleased with you.
You visited 4 branches of the dungeon, and saw 25 of its levels.
You also visited: Ossuary and Ice Cave.

You collected 2380 gold pieces.
You spent 435 gold pieces at shops.

Inventory:

Hand Weapons
 a - a +4 vampiric eveningstar (weapon)
Missiles
 g - 5 boomerangs of dispersal
 i - 77 poisoned darts (quivered)
 n - 6 throwing nets
 p - 15 boomerangs
 t - 7 curare-tipped darts
 K - 4 javelins
Armour
 d - a +2 pair of gloves (worn)
 m - a +2 hat (worn)
 r - the +0 pair of boots of Fedhas's Whim (worn) {rPois Will+}
   (You found it on level 5 of the Dungeon)

   rPois:     It protects you from poison.
   Will:      It increases your willpower.
 C - a +2 cloak (worn)
 U - the +0 buckler of Tenacity (worn) {rF+ Slay+5}
   (You took it off a rakshasa on level 12 of the Dungeon)

   Slay:      It affects your accuracy & damage with ranged weapons and melee
   (+5).
   rF:        It protects you from fire.
Jewellery
 l - a ring of see invisible (left hand)
 M - a ring of flight
 S - the amulet "Fuseud" (around neck) {Reflect rF+ rCorr Int+7 SH+5}
   (You found it on level 12 of the Dungeon)

   [amulet of reflection]

   It reflects blocked missile attacks.
   Int:       It affects your intelligence (+7).
   rF:        It protects you from fire.
   rCorr:     It protects you from acid and corrosion.
   SH:        It affects your SH (+5).
 T - the ring "Buduin" (right hand) {*Corrode rElec rC+++ AC+4 Slay+6}
   (You found it on level 12 of the Dungeon)

   [ring of protection]

   AC:        It affects your AC (+4).
   Slay:      It affects your accuracy & damage with ranged weapons and melee
   (+6).
   rC:        It renders you almost immune to cold.
   rElec:     It insulates you from electricity.
   *Corrode:  It may corrode you when you take damage.
Wands
 f - a wand of mindburst (11)
 q - a wand of acid (6)
 s - a wand of digging (7)
 z - a wand of paralysis (6)
 F - a wand of flame (13)
 H - a wand of charming (2)
 P - a wand of iceblast (11)
 R - a wand of polymorph (10)
Scrolls
 b - a scroll of holy word
 c - 6 scrolls of fog
 k - 2 scrolls of identify
 A - 12 scrolls of teleportation
 D - a scroll of magic mapping
 G - a scroll of blinking
 J - a scroll of summoning
 N - a scroll of silence
Potions
 e - 4 potions of flight
 h - 4 potions of cancellation
 j - a potion of ambrosia
 o - 5 potions of heal wounds
 u - a potion of mutation
 v - a potion of invisibility
 w - 3 potions of might
 B - 4 potions of curing
 E - 5 potions of resistance
Miscellaneous
 Q - a lightning rod (4/4)


   Skills:
 + Level 12.4 Fighting
 - Level 16.0 Maces & Flails
 + Level 13.3 Throwing
 + Level 11.0 Dodging
 - Level 4.0 Stealth
 - Level 9.0 Shields
 - Level 6.0 Evocations


You had 14 spell levels left.
You didn't know any spells.
Your spell library was empty.

Dungeon Overview and Level Annotations

Branches:
Dungeon (15/15)            Temple (0/1) D:4            Lair (6/6) D:10
  Swamp (0/4) Lair:3       Spider (1/4) Lair:4        Slime (0/5) Lair:5
    Orc (2/2) D:10            Elf (0/3) Orc:2        Vaults (0/5) D:14
 Depths (0/4) D:15        Ossuary (visited)           IceCv (visited)

Altars:
Ashenzari
Makhleb
Nemelex Xobeh
Qazlal
Sif Muna
Trog
Vehumet
Wu Jian
Yredelemnul
Jiyva

Shops:
D:12 ?   D:14 [   Orc:2 [[*=(=([

Annotations:
D:5 3 runed translucent doors, Dittersdorf's ghost, novice GrFi
D:14 1 runed translucent door, Onwo's ghost, journeyman DDNe
Spider:2 Asterion


Innate Abilities, Weirdness & Mutations

You can breathe bolts of dispelling energy.
Your rich purple scales are hard. (AC +9)
You cannot fit into any form of body armour.
You are cold-blooded and may be slowed by cold attacks.


Message History

The meliai stings you but does no damage.
The tarantella touches you but does no damage.
You puncture the meliai! You tail-slap the meliai!
You kill the meliai!
Trog accepts your kill.
You feel sick.
The meliai invokes the aid of its god against you.
Something smites you!
* * * LOW HITPOINT WARNING * * *
The meliai hits you with a +0 war axe.
* * * LOW HITPOINT WARNING * * *
The meliai barely misses you. You block the tarantella's attack.
You thump the meliai!
You feel better.
The meliai is moderately wounded.
You feel sick.
The meliai invokes the aid of its god against you.
Something smites you!
* * * LOW HITPOINT WARNING * * *
You block the meliai's attack. The meliai completely misses you.
You barely miss the meliai.
The meliai is moderately wounded.
You are no longer berserk.
You are exhausted.
You feel yourself slow down. The tarantella closely misses you.
The meliai calls down the wrath of its god upon you.
Something smites you!
* * * LOW HITPOINT WARNING * * *
You block the meliai's attack. The meliai closely misses you.
As you read the scroll of fear, it crumbles to dust.
You assume a fearsome visage.
The tarantella looks frightened!
Asterion looks frightened!
The demonic crawler looks frightened!
The meliai resists with some effort.
The meliai looks frightened!
The balrug resists with almost no effort.
You feel sick.
The balrug stops burning.
You block the meliai's attack.
The meliai stings you but does no damage.
You block the meliai's attack. The meliai stings you.
* * * LOW HITPOINT WARNING * * *
A boulder beetle comes into view.
The balrug hits you with a +2 demon whip of venom!
You die...

## . ##. ###..
#..... #####
#...sB##...#
........y.##
......2@..y#
^......)...#
##..H.........^
###......s.....
#..##.......#
#.. #.#.....#
... ^.##.#...
.... ... .##..


You could see Asterion (fast, fleeing), a balrug (summoned), a boulder beetle, a
demonic crawler (fleeing), a tarantella (fleeing) and 2 meliai.

Vanquished Creatures
  Arachne (Spider:2)
  A stone giant (Orc:2)
  Nessos (D:15)
  The ghost of a11behringer the Severer, a journeyman HOCA of Makhleb (Orc:2)
  A fire dragon (Lair:1)
  Snorg (D:10)
  3 ettins (Orc:2)
  A rakshasa (D:12)
  A great orb of eyes (D:12)
  2 vault guards (D:14)
  5 boulder beetles
  12 hydras
  An ogre mage (D:14)
  Harold (D:9)
  A catoblepas (Lair:5)
  4 centaur warriors
  3 tengu warriors (D:13)
  9 two-headed ogres
  Urug (D:10)
  A fire crab (shapeshifter) (D:14)
  A necromancer (D:15)
  A wizard (D:14)
  4 orc knights
  A deep elf pyromancer (D:15)
  2 orc sorcerers
  11 ugly things
  4 manticores
  A wolf spider (Lair:6)
  11 cyclopes
  A moth of wrath (Orc:2)
  A guardian serpent (shapeshifter) (D:14)
  Maurice (D:8)
  5 black mambas
  2 naga magi (D:15)
  An ice statue (IceCv)
  A guardian serpent (Lair:6)
  22 cane toads
  A torpor snail (Lair:6)
  6 gargoyles
  An unseen horror (D:10)
  3 rime drakes
  A tengu conjurer (D:13)
  2 efreet
  An anaconda simulacrum (IceCv)
  4 komodo dragons
  A redback zombie (D:15)
  2 freezing wraiths
  7 trolls
  A meliai (shapeshifter) (D:12)
  2 jumping spiders (Lair:4)
  2 polar bears
  A meliai (Spider:2)
  4 hornets
  Prince Ribbit (D:8)
  7 blink frogs
  5 slime creatures
  A meliai zombie (D:10)
  A tarantella (Spider:2)
  A shadow (D:11)
  9 wyverns
  A wraith (D:13)
  6 redbacks
  A vampire (D:12)
  36 yaks
  Grum (D:8)
  6 basilisks
  2 vampire mosquitoes (D:9)
  3 steam dragons
  9 wargs
  A death yak simulacrum (IceCv)
  Edmund (D:4)
  Menkaure (D:4)
  4 acid dragons
  29 water moccasins
  4 ice beasts (D:6)
  14 orc warriors
  3 black bears
  A necrophage (D:6)
  4 boggarts (Lair:4)
  24 wolves
  9 ogres
  18 centaurs
  2 phantoms (D:4)
  3 kobold brigands
  2 elf zombies (Ossuary)
  14 bullfrogs
  2 gnoll sergeants
  A cane toad simulacrum (IceCv)
  3 scorpions
  A wyvern skeleton (D:4)
  4 wights (D:8)
  6 electric eels
  5 howler monkeys (D:10)
  4 centaur zombies
  A gnoll shaman (D:6)
  A lava snake (Lair:1)
  A human zombie (Ossuary)
  2 jellies
  2 hounds
  18 orc priests
  2 centaur skeletons
  2 bullfrog skeletons
  3 iguanas
  20 orc wizards
  A wolf simulacrum (IceCv)
  A hound skeleton (D:4)
  3 mummies
  20 gnolls
  8 adders
  An ufetubus (D:6)
  An adder zombie (Ossuary)
  2 worms
  4 dart slugs
  69 orcs
  8 endoplasms
  5 giant cockroaches
  16 goblins
  12 hobgoblins
  6 jackals (D:1)
  19 kobolds
  6 quokkas
  9 ball pythons
  3 bats
  2 frilled lizards
  2 goblin zombies (Ossuary)
  10 hobgoblin zombies (Ossuary)
  A jackal zombie (Ossuary)
  12 kobold zombies (Ossuary)
  6 orc zombies (Ossuary)
  2 rats
  2 rat zombies (Ossuary)
693 creatures vanquished.

Vanquished Creatures (collateral kills)
  A black mamba (Lair:6)
  An ice statue (IceCv)
  4 yaks (Lair:6)
  2 wyverns (Lair:6)
  2 water moccasins (Lair:6)
  2 orcs (Orc:2)
12 creatures vanquished.

Vanquished Creatures (others)
  An orc wizard (D:10)
  77 fungi
  105 plants
  A withered plant (D:1)
184 creatures vanquished.

Grand Total: 889 creatures vanquished

Notes
Turn   | Place    | Note
-------+----------+-------------------------------------------
     0 | D:1      | jejorda2 the Draconian Berserker began the quest for the
                  | Orb.
     0 | D:1      | Reached XP level 1. HP: 19/19 MP: 1/1
    11 | D:1      | Found a faded altar of an unknown god.
   246 | D:1      | Reached XP level 2. HP: 25/26 MP: 2/2
   910 | D:1      | Reached XP level 3. HP: 23/31 MP: 3/3
  1105 | D:2      | Reached ** piety under Trog
  1404 | D:2      | Reached skill level 4 in Maces & Flails
  1551 | D:2      | Reached XP level 4. HP: 40/40 MP: 4/4
  2058 | D:3      | Reached XP level 5. HP: 29/46 MP: 5/5
  2580 | D:3      | Reached *** piety under Trog
  2872 | D:3      | Reached skill level 5 in Maces & Flails
  3150 | D:4      | Found a staircase to the Ecumenical Temple.
  3157 | D:4      | Reached XP level 6. HP: 48/53 MP: 6/6
  3157 | D:4      | Noticed Menkaure
  3165 | D:4      | Killed Menkaure
  3494 | D:4      | Reached skill level 5 in Fighting
  3503 | D:4      | Noticed Edmund
  3518 | D:4      | Killed Edmund
  3519 | D:4      | Reached skill level 6 in Maces & Flails
  3519 | D:4      | Your scales start taking on a rich purple colour.
  3519 | D:4      | Reached XP level 7. HP: 32/61 MP: 7/7
  3813 | D:4      | Found a broken altar of Ashenzari.
  4364 | D:4      | Found a sparkling altar of Nemelex Xobeh.
  4818 | D:5      | Entered Level 5 of the Dungeon
  4833 | D:5      | Reached skill level 7 in Maces & Flails
  4923 | D:5      | Identified the +0 pair of boots of Fedhas's Whim {rPois
                  | Will+}
  5038 | D:5      | Found a runed translucent gate.
  5038 | D:5      | Found a runed translucent gate.
  5057 | D:5      | Reached skill level 5 in Dodging
  5057 | D:5      | Reached XP level 8. HP: 70/70 MP: 8/8
  5384 | D:5      | Reached skill level 8 in Maces & Flails
  5406 | D:5      | Found a burning altar of Makhleb.
  5422 | D:5      | Noticed Dittersdorf's ghost (novice GrFi)
  5426 | D:5      | Found a runed translucent gate.
  6158 | D:6      | Reached skill level 9 in Maces & Flails
  6170 | D:6      | Reached **** piety under Trog
  6354 | D:6      | Reached XP level 9. HP: 75/75 MP: 9/9
  6423 | D:6      | Reached skill level 10 in Maces & Flails
  7194 | D:7      | Reached skill level 11 in Maces & Flails
  7864 | D:8      | Noticed Grum
  7886 | D:8      | Killed Grum
  7948 | D:8      | Reached skill level 12 in Maces & Flails
  8004 | D:8      | Found a sand-covered staircase.
  8014 | Ossuary  | Entered an ossuary
  8359 | D:8      | Noticed Maurice
  8375 | D:8      | Killed Maurice
  8376 | D:8      | Reached XP level 10. HP: 83/83 MP: 10/10
  8539 | D:8      | Reached skill level 13 in Maces & Flails
  8704 | D:8      | Found a stormy altar of Qazlal.
  8818 | D:8      | Noticed a two-headed ogre
  8829 | D:8      | Killed a two-headed ogre
  9000 | D:8      | Noticed Prince Ribbit
  9007 | D:8      | Killed Prince Ribbit
  9160 | D:8      | Found an ornate altar of the Wu Jian Council.
  9161 | D:8      | Found a basalt altar of Yredelemnul.
  9222 | D:9      | Noticed Harold
  9234 | D:8      | Reached skill level 14 in Maces & Flails
  9387 | D:9      | Killed Harold
  9692 | D:9      | Reached skill level 15 in Maces & Flails
  9893 | D:9      | Reached skill level 1 in Evocations
 10107 | D:9      | Reached XP level 11. HP: 89/89 MP: 11/11
 10593 | D:10     | Entered Level 10 of the Dungeon
 10611 | D:10     | Found the +8 Wrath of Trog {antimagic, *Rage Rampage}
 10646 | D:10     | Noticed Snorg
 10964 | D:10     | Found a radiant altar of Vehumet.
 11014 | D:10     | Identified the +1 dagger of the Shimmering Blowfly {pain,
                  | Str+2}
 11097 | D:10     | Noticed Urug
 11134 | D:10     | Killed Urug
 11227 | D:10     | Reached ***** piety under Trog
 11464 | D:10     | Reached skill level 16 in Maces & Flails
 11560 | D:10     | Killed Snorg
 11561 | D:10     | Reached skill level 5 in Evocations
 11781 | D:10     | Found a staircase to the Lair.
 11937 | D:10     | Found a staircase to the Orcish Mines.
 12176 | D:10     | Noticed a two-headed ogre
 12186 | D:10     | Killed a two-headed ogre
 12417 | D:10     | Noticed a two-headed ogre
 12436 | D:10     | Killed a two-headed ogre
 12631 | Lair:1   | Entered Level 1 of the Lair of Beasts
 12746 | Lair:1   | Reached skill level 1 in Throwing
 12765 | Lair:1   | Reached XP level 12. HP: 101/101 MP: 12/12
 12849 | Lair:1   | Noticed a fire dragon
 12870 | Lair:1   | Killed a fire dragon
 14736 | Lair:2   | Noticed a five-headed hydra
 14745 | Lair:2   | Killed a five-headed hydra
 15384 | Lair:3   | Reached skill level 1 in Stealth
 15436 | Lair:3   | Found a staircase to the Swamp.
 15521 | Lair:3   | Noticed a four-headed hydra
 15531 | Lair:3   | Killed a four-headed hydra
 15615 | Lair:3   | Reached skill level 5 in Throwing
 16046 | Lair:4   | Noticed a six-headed hydra
 16054 | Lair:4   | Killed a six-headed hydra
 16173 | Lair:4   | Found a hole to the Spider Nest.
 16681 | Lair:4   | Noticed an eight-headed hydra
 16731 | Lair:4   | Noticed a five-headed hydra
 16741 | Lair:4   | Killed a five-headed hydra
 16742 | Lair:4   | Reached XP level 13. HP: 107/113 MP: 13/13
 17203 | Lair:5   | Reached skill level 10 in Fighting
 17554 | Lair:5   | Found a viscous altar of Jiyva.
 17555 | Lair:5   | Found a staircase to the Slime Pits.
 18256 | Lair:6   | Entered Level 6 of the Lair of Beasts
 18884 | Lair:6   | Received a gift from Trog
 19172 | Lair:6   | Reached skill level 10 in Dodging
 19689 | Lair:6   | Reached XP level 14. HP: 124/124 MP: 14/14
 20645 | D:12     | Reached skill level 10 in Throwing
 20860 | D:12     | Identified the +0 buckler of Tenacity {rF+ Slay+5}
 20864 | D:12     | Identified the +2 halberd of Division {vorpal, *Slow rN+
                  | SInv}
 21082 | D:12     | Identified the amulet "Fuseud" {Reflect rF+ rCorr Int+7
                  | SH+5}
 21084 | D:12     | Identified the ring "Buduin" {*Corrode rElec rC+++ AC+4
                  | Slay+6}
 21101 | D:12     | Reached skill level 1 in Shields
 21281 | D:12     | Found a shimmering blue altar of Sif Muna.
 21396 | D:12     | Identified a scroll of acquirement
 21396 | D:12     | Acquired a scarf of resistance
 21491 | D:12     | Found Burasmed's Magic Scroll Shoppe.
 21945 | D:13     | Reached skill level 5 in Shields
 22012 | D:13     | Received a gift from Trog
 22288 | Orc:1    | Entered Level 1 of the Orcish Mines
 22358 | Orc:1    | Found a frozen archway.
 22373 | IceCv    | Entered an ice cave
 22410 | IceCv    | Found a transporter.
 22422 | IceCv    | Found a transporter.
 22887 | Orc:2    | Entered Level 2 of the Orcish Mines
 22887 | Orc:2    | Found Maddyvya's Jewellery Emporium.
 23045 | Orc:2    | Found Wofexucsann's General Store.
 23057 | Orc:2    | Found a staircase to the Elven Halls.
 23100 | Orc:2    | Found Jiapp's Jewellery Shoppe.
 23101 | Orc:2    | Noticed a stone giant
 23117 | Orc:2    | Killed a stone giant
 23329 | Orc:2    | Found Intazet's Antique Armour Emporium.
 23360 | Orc:2    | Found Hupto's Antique Weapon Boutique.
 23366 | Orc:2    | Reached XP level 15. HP: 132/132 MP: 15/15
 23410 | Orc:2    | Found Paluh's Antique Weapon Boutique.
 23435 | Orc:2    | Found Icwoew's Antique Armour Shop.
 23437 | Orc:2    | Found a transporter.
 23443 | Orc:2    | Noticed a11behringer's ghost (journeyman HOCA)
 23504 | Orc:2    | Found a transporter.
 23664 | Orc:2    | Found Luybba Giurch's Antique Armour Boutique.
 23670 | Orc:2    | Bought a pair of runed boots for 165 gold pieces
 23928 | Orc:2    | Killed a11behringer's ghost
 24245 | D:14     | Found Fuaw's Antique Armour Emporium.
 24248 | D:14     | Bought a shiny buckler for 270 gold pieces
 24476 | D:14     | Received a gift from Trog
 24724 | D:14     | Found a runed translucent door.
 24726 | D:14     | Noticed Onwo's ghost (journeyman DDNe)
 24980 | D:14     | Found a gate to the Vaults.
 25115 | D:15     | Entered Level 15 of the Dungeon
 25346 | D:15     | Found a bloodstained altar of Trog.
 25372 | D:15     | Noticed Nessos
 25378 | D:15     | Killed Nessos
 25928 | D:15     | Found a staircase to the Depths.
 26267 | Spider:1 | Entered Level 1 of the Spider Nest
 26267 | Spider:1 | You fall into a shaft and drop 1 floor!
 26267 | Spider:2 | Noticed Arachne
 26277 | Spider:2 | Noticed Asterion
 26281 | Spider:2 | Killed Arachne
 26288 | Spider:2 | HP: 6/133 [meliai (6)]
 26288 | Spider:2 | Slain by a balrug

Illustrated notes

Levels and vault maps discovered:
D:1:      ncdulo_wetmaze, layout_basic, ebering_ecumenical_altar_petrified,
          minmay_liquid_box, hangedman_abyss_or_decor_stabs, solitary_fountain,
          minmay_heptomino_h4
D:2:      layout_rooms, kennysheep_small_spiral
D:3:      layout_basic, due_unseen_surprise
D:4:      minmay_recursive_quarters, layout_gridville,
          mainiacjoe_overflow_catwalk, evilmike_ruin_ashenzari,
          minmay_temple_entry_offerings, uniq_edmund, uniq_menkaure
D:5:      layout_basic, mainiacjoe_overflow_alcove_4, gammafunk_ghost_split,
          minmay_misc_feat_plants, grunt_decor_resistance
D:6:      layout_cave_pools, st_stairs_7, nicolae_underground_beach
D:7:      layout_gridville, chequers_arboretum
D:8:      layout_loops_ring, grunt_qazlal_sundering,
          nicolae_overflow_hidden_temple, gup_ossuary_entry_pyramid, uniq_grum,
          uniq_maurice, uniq_prince_ribbit1
D:9:      layout_cave_pools, minmay_puff, uniq_harold
D:10:     minmay_clustersquares, layout_basic, mainiacjoe_overflow_chevrons,
          due_lair_maze_entry_diamond, david_orc_3, billiards_dpeg, uniq_urug,
          uniq_snorg
D:11:     layout_basic
D:12:     minmay_the_grid_triangle_9x9_recursive_2_mashed
          [minmay_the_grid_triangle_9x9_prize_center,
          minmay_the_grid_triangle_9x9_shrine,
          minmay_the_grid_triangle_9x9_corrupted_corridor,
          minmay_the_grid_triangle_9x9_longest], layout_rooms, serial_shops,
          kennysheep_mini, nicolae_sif_muna_little_library
D:13:     layout_roguey
D:14:     layout_loops_ring, grunt_vaults_entry_fortified,
          ebering_ghost_inner_flame, serial_shops, nicolae_shop_behind_doors,
          nicolae_twisting_strands
D:15:     grunt_enter_depths_magical_seal, layout_long_grid, bloody_trog,
          uniq_nessos
Lair:1:   dragon1_lemuel, layout_cave_pods, eino_small_chamber_without_monster
Lair:2:   layout_layer_cave, fungi_pond_lemuel
Lair:3:   layout_long_grid, minmay_swamp_entry_eels, infiniplex_staircase_pool
Lair:4:   layout_cave_pods, nicolae_spider_entry_tight_spaces,
          kilobyte_rumbling_trees
Lair:5:   layout_loops_ring, slime_altar_1, beast_lair_carwin_2,
          grunt_megastairs_4, serial_bayou_shore_a
Lair:6:   hangedman_lair_tendril_chambers, layout_long_grid
Spider:1: layout_chambers
Spider:2: layout_spider_delve, hangedman_spider_tarantella_strand, uniq_arachne,
          uniq_asterion
Orc:1:    layout_caves, portal_ice_cave_entry_pillars_1
Orc:2:    grunt_orc_gardens, layout_caves, grunt_orc_garden, grunt_orc_garden,
          grunt_orc_garden, grunt_orc_garden, gammafunk_ghost_berserking_beasts,
          serial_shops, shop, nicolae_shop_stone, shop,
          nicolae_shop_competitors_out_of_business, lightli_orcish_oven

Skill      XL: |  1  2  3  4  5  6  7  8  9 10 11 12 13 14 15 |
---------------+----------------------------------------------+-----
Dodging        | 3 4 5 6 7 8 10 11 | 11.0
Maces & Flails | 4 5 6 7 9 12 15 16 | 16.0
Fighting       | 4 5 6 8 9 11 12 | 12.4
Evocations     | 1 6 |  6.0
Throwing       | 1 6 9 11 13 | 13.3
Stealth        | 3 4 |  4.0
Shields        | 7 9 |  9.0

Action                   |  1- 3 |  4- 6 |  7- 9 | 10-12 | 13-15 || total
-------------------------+-------+-------+-------+-------+-------++-------
Melee: Mace              |   123 |     8 |       |       |       ||   131
       Tailslap          |    16 |    20 |    65 |   129 |   157 ||   387
       Morningstar       |       |   120 |   395 |   276 |       ||   791
       Eveningstar       |       |       |       |   353 |   860 ||  1213
Throw: Dart              |       |       |     4 |    68 |    31 ||   103
       Boomerang         |       |       |       |       |    70 ||    70
Invok: Trog's Hand       |       |     1 |     1 |     4 |     4 ||    10
       Berserk           |       |     2 |     6 |    14 |    12 ||    34
       Brothers in Arms  |       |       |       |       |     6 ||     6
 Abil: Breathe Dispellin |       |       |    15 |    17 |     9 ||    41
Evoke: Wand              |       |       |     1 |     9 |     4 ||    14
       Lightning rod     |       |       |       |       |     6 ||     6
  Use: Scroll            |       |     7 |    13 |     8 |     6 ||    34
       Potion            |       |       |       |       |     7 ||     7
 Stab: Sleeping          |       |     1 |       |     3 |     8 ||    12
       Invisible         |       |       |       |       |     3 ||     3
       Distracted        |       |       |       |       |     1 ||     1
Armor: Skin              |    39 |    36 |   141 |   181 |   336 ||   733
Dodge: Dodged            |    86 |    90 |   240 |   437 |   691 ||  1544
Block: Buckler           |       |       |       |       |   223 ||   223
       Reflection        |       |       |       |       |    19 ||    19
       Other             |       |       |       |       |     5 ||     5

Table legend: (Time is in decaauts)
 A = Elapsed time spent in this place.
 B = Non-inter-level travel time spent in this place.
 C = Inter-level travel time spent in this place.
 D = Time resting spent in this place.
 E = Time spent auto-exploring this place.
 F = Levels seen in this place.
 G = Mean time per level.
                   A        B        C        D        E       F      G
               +--------+--------+--------+--------+--------+-----+--------+
         Total |  26238 |  24391 |   1847 |   2331 |  17492 |  27 |  971.8 |
       Dungeon |  16882 |  15647 |   1235 |   1505 |  11185 |  15 | 1125.5 |
          Lair |   7314 |   6900 |    414 |    757 |   5164 |   6 | 1219.0 |
   Spider Nest |     11 |     11 |      0 |      0 |      0 |   2 |    5.5 |
  Orcish Mines |   1618 |   1421 |    197 |     40 |    984 |   2 |  809.0 |
       Ossuary |    304 |    304 |      0 |      0 |    155 |   1 |  304.0 |
      Ice Cave |    108 |    108 |      0 |     28 |      3 |   1 |  108.0 |
               +--------+--------+--------+--------+--------+-----+--------+

Top non-repeatable levels by time:
    D:10: 2090 daAuts
     D:3: 1746 daAuts
  Lair:5: 1595 daAuts
     D:8: 1429 daAuts
     D:4: 1347 daAuts
  Lair:2: 1273 daAuts
  Lair:1: 1250 daAuts
  Lair:4: 1182 daAuts
     D:7: 1119 daAuts
     D:1: 1107 daAuts
  Lair:6: 1105 daAuts
     D:5: 1101 daAuts
   Orc:2: 1053 daAuts
    D:14: 1045 daAuts
     D:9: 1030 daAuts
